 Dungeon Crawl Stone Soup version 0.23-a0-417-gf02c810 (webtiles) character file.

1911 Amnesiac the Geomancer (level 8, 31/31 HPs)
             Began as a Felid Earth Elementalist on Nov 10, 2018.
             Was an Elder of Vehumet.
             Quit the game in an ossuary.
             The game lasted 00:21:04 (8919 turns).

Amnesiac the Geomancer (Felid Earth Elementalist)   Turns: 8919, Time: 00:21:05

Health: 31/31      AC:  2    Str:  6    XL:     8   Next: 95%
Magic:  19/19      EV: 19    Int: 19    God:    Vehumet [****..]
Gold:   333        SH:  0    Dex: 17    Spells: 4/20 levels left
                                        Lives:  1   Deaths: 1

rFire    . . .     SeeInvis +     - Unarmed
rCold    . . .     Gourm    .   (shield unavailable)
rNeg     . . .     Faith    +   (armour unavailable)
rPois    .         Spirit   .   (helmet unavailable)
rElec    .         Reflect  .   (cloak unavailable)
rCorr    .         Harm     .   (gloves unavailable)
MR       +....                  (boots unavailable)
Stlth    +++.......             i - amulet of faith
HPRegen  0.10/turn              (no ring)
MPRegen  0.16/turn              (no ring)

@: quick
A: very small, no armour, no weapons or thrown items, stealth, claws 1, fangs 3,
see invisible, blink, carnivore, speed 1, shaggy fur 2, slow metabolism 1,
strong 1, sharp paws
a: Blink, Renounce Religion


You were in an ossuary.
You worshipped Vehumet.
Vehumet was greatly pleased with you.
You were not hungry.

You visited 2 branches of the dungeon, and saw 9 of its levels.
You also visited: Sewer and Ossuary.

You collected 333 gold pieces.

Inventory:

Missiles
 b - 86 stones
Jewellery
 i - an amulet of faith (around neck)
Wands
 n - a wand of disintegration (13)
 x - a wand of iceblast (12)
Scrolls
 e - 8 scrolls of remove curse {!r}
 g - 2 scrolls of fog {!r}
 h - a scroll of magic mapping {!r}
 k - 2 scrolls of fear {!r}
 p - 2 scrolls of blinking {!r}
 s - 3 scrolls of teleportation {!r}
Potions
 a - 3 potions of curing {!q}
 d - 2 potions of mutation {!q}
 f - 3 potions of heal wounds {!q}
 j - a potion of cancellation {!q, unknown}
 l - 2 potions of haste {!q}
 t - 3 potions of flight {!q}
 u - 5 potions of might {!q}
 v - 2 potions of magic {!q}
Comestibles
 c - 18 rations


   Skills:
 - Level 4.0 Dodging
 + Level 4.0 Stealth
 - Level 5.0 Unarmed Combat
 + Level 6.7 Spellcasting
 - Level 3.0 Transmutations
 * Level 10.0 Earth Magic


You had 4 spell levels left.
You knew the following spells:

 Your Spells              Type           Power        Failure   Level  Hunger
a - Sandblast             Erth           #####.       1%          1    None
b - Passwall              Tmut/Erth      ####....     1%          2    None
c - Stone Arrow           Conj/Erth      ####..       1%          3    ##.....
d - Lee's Rapid Deconstr  Erth           #####.....   1%          5    #####..
e - Petrify               Tmut/Erth      ####....     7%          4    ####...
z - Confusing Touch       Hex            #.....       11%         1    None

Your spell library contained the following spells:

 Spells                   Type           Power        Failure   Level  Hunger
 Throw Icicle             Conj/Ice       #.......     26%         4    ####...
 Animate Skeleton         Necr           N/A          11%         1    None
 Apportation              Tloc           #.....       11%         1    None
 Summon Small Mammal      Summ           #...         11%         1    None


Dungeon Overview and Level Annotations

Branches:
Dungeon (8/15)             Temple (1/1) D:7
   Lair: D:8-11

Altars:
Ashenzari
Cheibriados
Dithmenos
Elyvilon
Fedhas
Gozag
Hepliaklqana
Kikubaaqudgha
Makhleb
Nemelex Xobeh
Okawaru
Qazlal
Ru
Sif Muna
Uskayaw
Vehumet
Wu Jian
Xom
Yredelemnul
Zin
The Shining One

Shops:
D:6 %

Annotations:
D:8 Pikel


Innate Abilities, Weirdness & Mutations

You cannot wear armour.
You are incapable of wielding weapons or throwing items.
Your paws allow you to move quietly. (Stealth)
You have sharp claws.
You have razor-sharp teeth.
You have supernaturally acute eyesight. (SInv)
You are carnivorous and can eat meat at any time.
You cover ground quickly.
You are covered in thick fur. (AC +2)
You have a slow metabolism.
Your sharp claws are effective at attacking unaware monsters.
You can translocate small distances at will.
Your muscles are strong. (Str +2)


Message History

You feel your power returning.
You open the door.
An orc zombie comes into view.
You barely miss the orc zombie. The orc zombie closely misses you.
You barely miss the orc zombie. You scratch the orc zombie.
The orc zombie is severely damaged.
The orc zombie completely misses you.
You scratch the orc zombie.
The orc zombie is almost destroyed.
The orc zombie barely misses you.
You scratch the orc zombie.
You destroy the orc zombie!
Vehumet accepts your kill.
No target in view!
No target in view!
You open the door.
Found three items.
There is an open door here.
f - 3 potions of heal wounds {!q} (gained 1)
a - a potion of curing {!q}
j - a bubbling grey potion {!q} You open the door.
There is an open door here.
You open the door.
There is an open door here.
You open the door.
A wight comes into view. It is wielding a +2 mace of freezing.
There is an open door here.
A wight is nearby!
You pounce on the unaware helpless wight!
You mangle the wight!!
You destroy the wight!
Vehumet accepts your kill.
Things that are here:
a +2 mace of freezing; a +0 robe
There is an open door here.
e - 6 scrolls of remove curse {!r} (gained 1)
e - 7 scrolls of remove curse {!r} (gained 1)
s - 3 scrolls of teleportation {!r} (gained 1)
a - 2 potions of curing {!q} (gained 1)
u - 5 potions of might {!q} (gained 2)
e - 8 scrolls of remove curse {!r} (gained 1)
d - 2 potions of mutation {!q} (gained 1)
a - 3 potions of curing {!q} (gained 1)
p - 2 scrolls of blinking {!r} (gained 1)
The flying skull gives a hideous shriek!
You open the door.
A wraith comes into view.
There is an open door here.
The helpless wraith fails to defend itself.
You mangle the wraith!! You claw the wraith.
The wraith is severely damaged.
The wraith hits you! The wraith drains your vigour!
You feel yourself slow down. The wraith hits you!
* * * LOW HITPOINT WARNING * * *
The wraith drains your vigour!
You feel as though you will be slow longer.
The wraith hits you!
You die...
You are now level 8!
You rejoin the land of the living...
Are you sure you want to abandon this character and quit the game? (Confirm

#### ##..####
##......## #
#...####.## ##
#####....#.#..# .##
##..#..........#
..###.#............#
.#...###........@.##
###### #.#.......##
# ####.....##
##...## ###'###
#.'.'.# ###.###
#.'.'.# ###.###


There were no monsters in sight!

Vanquished Creatures
  A hippogriff (D:5)
  A spriggan (D:7)
  Grum (D:8)
  An orc warrior (D:7)
  A black bear (D:6)
  3 ice beasts
  2 slaves (D:8)
  4 sky beasts
  2 necrophages (D:8)
  4 phantoms
  2 wolves (D:8)
  A centaur (D:8)
  2 bullfrogs
  A scorpion (D:7)
  7 killer bees (D:8)
  2 wights
  A bullfrog zombie (D:8)
  2 crimson imps
  A quasit (D:8)
  2 orc priests
  A jelly (D:6)
  5 orc wizards
  A bullfrog skeleton (D:6)
  A centaur skeleton (D:7)
  A gnoll shaman (D:5)
  3 iguanas
  2 worker ants (D:6)
  2 hound zombies (D:6)
  2 hound skeletons (D:6)
  A mummy (D:8)
  18 gnolls
  12 adders
  2 river rats (Sewer)
  A shadow imp (D:6)
  2 oozes
  5 adder zombies
  6 worms
  4 dart slugs
  3 leopard geckos
  20 orcs
  5 giant cockroaches
  13 hobgoblins
  12 jackals
  8 quokkas
  5 ball pythons
  6 bats
  8 frilled lizards
  13 goblins
  2 hobgoblin zombies (Ossuary)
  A jackal skeleton (D:6)
  16 kobolds
  A kobold zombie (Ossuary)
  A leopard gecko skeleton (D:4)
  An orc skeleton (Ossuary)
  4 orc zombies (Ossuary)
  10 rats
239 creatures vanquished.

Vanquished Creatures (others)
  A mummy (D:8)
1 creature vanquished.

Grand Total: 240 creatures vanquished

Notes
Turn   | Place    | Note
-------+----------+-------------------------------------------
     0 | D:1      | Amnesiac the Felid Earth Elementalist began the quest for
                  | the Orb.
     0 | D:1      | Reached XP level 1. HP: 7/7 MP: 4/4
   217 | D:1      | Reached skill level 3 in Earth Magic
   288 | D:1      | Reached XP level 2. HP: 9/11 MP: 6/6
   292 | D:1      | Learned a level 2 spell: Passwall
   358 | D:2      | Found an ancient bone altar of Kikubaaqudgha.
   651 | D:2      | Reached XP level 3. HP: 13/14 MP: 3/7
   846 | D:5      | Entered Level 5 of the Dungeon
   846 | D:5      | Noticed a sky beast
   846 | D:5      | Noticed an ice beast
   978 | D:4      | Noticed a phantom
   992 | D:4      | Killed a phantom
   992 | D:4      | Reached skill level 4 in Earth Magic
   992 | D:4      | Reached XP level 4. HP: 8/18 MP: 0/9
   992 | D:4      | Reached XP level 5. HP: 10/21 MP: 0/10
  1059 | D:4      | Learned a level 4 spell: Petrify
  1925 | D:4      | Killed a sky beast
  1925 | D:4      | Reached skill level 5 in Earth Magic
  1925 | D:4      | Gained mutation: You are covered in thick fur. (AC +2)
                  | [Felid growth]
  1925 | D:4      | Reached XP level 6. HP: 19/24 MP: 5/12
  1932 | D:4      | Learned a level 5 spell: Lee's Rapid Deconstruction
  2067 | D:5      | Noticed a hippogriff
  2190 | D:4      | Killed an ice beast
  2372 | D:4      | Reached XP level 7. HP: 27/27 MP: 8/13
  2439 | D:5      | Killed a hippogriff
  2439 | D:5      | Reached skill level 6 in Earth Magic
  2612 | D:5      | Reached skill level 7 in Earth Magic
  2767 | D:5      | Reached skill level 5 in Spellcasting
  2767 | D:5      | Reached XP level 8. HP: 27/31 MP: 14/16
  3066 | D:6      | Reached skill level 1 in Unarmed Combat
  3101 | D:6      | Found Cuam Kai's Food Emporium.
  3172 | D:6      | Found a glowing drain.
  3243 | D:6      | Learned a level 3 spell: Stone Arrow
  3281 | D:6      | Reached skill level 8 in Earth Magic
  3374 | Sewer    | Entered a sewer
  4013 | D:7      | Found a staircase to the Ecumenical Temple.
  4019 | Temple   | Entered the Ecumenical Temple
  4205 | Temple   | Became a worshipper of Vehumet
  4954 | D:2      | Found a sparkling altar of Nemelex Xobeh.
  5432 | D:2      | Reached * piety under Vehumet
  5432 | D:2      | Offered knowledge of Magic Dart by Vehumet.
  5625 | D:3      | Found a shattered altar of Ashenzari.
  5696 | D:3      | Learned a level 1 spell: Confusing Touch
  5916 | D:3      | Found a blossoming altar of Fedhas.
  6302 | D:5      | Found a shattered altar of Ashenzari.
  6387 | D:6      | Found a basalt altar of Yredelemnul.
  6474 | D:7      | Reached XP level 9. HP: 16/34 MP: 14/19
  6781 | D:7      | Gained mutation: You can translocate small distances at
                  | will. [potion of mutation]
  6781 | D:7      | Gained mutation: Your muscles are strong. (Str +2) [potion
                  | of mutation]
  6796 | D:7      | HP: 1/34 [poisoned by an orc]
  7003 | D:7      | Reached ** piety under Vehumet
  7268 | D:7      | Offered knowledge of Throw Flame by Vehumet.
  7425 | D:7      | Reached skill level 9 in Earth Magic
  7669 | D:7      | Found a snail-covered altar of Cheibriados.
  8016 | D:7      | Offered knowledge of Ignite Poison by Vehumet.
  8331 | D:8      | Reached *** piety under Vehumet
  8461 | D:8      | Noticed Grum
  8474 | D:8      | Killed Grum
  8504 | D:8      | Offered knowledge of Throw Icicle by Vehumet.
  8504 | D:8      | Reached skill level 5 in Unarmed Combat
  8554 | D:8      | Reached skill level 10 in Earth Magic
  8562 | D:8      | Noticed Pikel
  8652 | D:8      | Found a sand-covered staircase.
  8751 | Ossuary  | Entered an ossuary
  8834 | Ossuary  | Reached **** piety under Vehumet
  8918 | Ossuary  | Slain by a wraith
  8919 | Ossuary  | Reached XP level 8. HP: -3/31 MP: 19/19
  8919 | Ossuary  | Quit the game

Vault maps used:
D:1:      minmay_arrival_shattered_statue
D:2:      nicolae_overflow_crystal_walls, lemuel_crystal_altar,
          minmay_misc_feat_secret_circle
D:3:      cheibrodos_ashenzari_chains, first_ration, fedhas_altar_4
D:5:      lemuel_upstairs_altar, minmay_misc_feat_five
D:6:      lemuel_doored_altar, serial_shops, nicolae_shop_stone,
          cheibrodos_sewer_entry_sluice
D:7:      corexii_shantytown, kennysheep_little_box, minmay_temple_entry_fiery,
          the_bakery
D:8:      kennysheep_mini, serial_undead, serial_undead_c, serial_undead_a,
          serial_undead_b, serial_undead_e, serial_undead_a, serial_undead_d,
          gup_ossuary_entry_pyramid, nicolae_ru_great_annihilating_truth,
          uniq_pikel, uniq_grum
Temple:   eino_temple_scatter_basement
Sewer:    sewer_co_cracked_pipes
Ossuary:  ossuary_due_cavern

Skill      XL: |  1  2  3  4  5  6  7  8  9 |
---------------+----------------------------+-----
Earth Magic    | 3 4 5 7 8 10 | 10.0
Stealth        | 3 4 |  4.0
Transmutations | 2 3 |  3.0
Spellcasting   | 3 5 6 |  6.7
Unarmed Combat | 2 5 |  5.0
Dodging        | 4 |  4.0

Action                   |  1- 3 |  4- 6 |  7- 9 || total
-------------------------+-------+-------+-------++-------
Melee: Unarmed           |    42 |    48 |   344 ||   434
       Bite              |     8 |     3 |    25 ||    36
       Punch             |       |       |     4 ||     4
 Cast: Sandblast         |    23 |    50 |   150 ||   223
       Stone Arrow       |       |       |    33 ||    33
       Petrify           |       |       |     9 ||     9
       Lee's Rapid Decon |       |       |     5 ||     5
Evoke: Wand              |       |     2 |       ||     2
  Use: Scroll            |       |     4 |    12 ||    16
       Potion            |       |       |     9 ||     9
 Stab: Sleeping          |     5 |       |    46 ||    51
       Petrified         |       |       |    16 ||    16
       Distracted        |       |       |     1 ||     1
       Invisible         |       |       |     2 ||     2
       Petrifying        |       |       |     2 ||     2
  Eat: Chunk             |     7 |     3 |    17 ||    27
Armor: Skin              |     1 |     4 |    21 ||    26
Dodge: Dodged            |    40 |   100 |   329 ||   469

Table legend:
 A = Non-vault XP
 B = Vault XP
 C = Vault XP percentage of total XP
 D = Non-vault monster count
 E = Vault monster count
 F = Vault count percentage of total count
                 A         B        C        D         E       F
            +---------+---------+-------+---------+---------+-------
      Total |    4129 |    1267 |  23.5 |     163 |      74 |  31.2
            +---------+---------+-------+---------+---------+-------
        D:1 |      33 |       0 |   0.0 |      19 |       0 |   0.0
        D:2 |      76 |       0 |   0.0 |      21 |       0 |   0.0
        D:3 |     131 |       0 |   0.0 |      26 |       0 |   0.0
        D:4 |     602 |       0 |   0.0 |      15 |       0 |   0.0
        D:5 |     816 |       0 |   0.0 |      21 |       0 |   0.0
        D:6 |    1042 |      10 |   1.0 |      32 |       2 |   5.9
        D:7 |     423 |     375 |  47.0 |       8 |      38 |  82.6
        D:8 |    1006 |     754 |  42.8 |      21 |       8 |  27.6
      Sewer |       0 |      54 | 100.0 |       0 |      15 | 100.0
    Ossuary |       0 |      74 | 100.0 |       0 |      11 | 100.0
            +---------+---------+-------+---------+---------+-------
